 Dungeon Crawl Stone Soup version 0.23.1 (webtiles) character file.

Game seed: 0

46 zedzed the Shooter (level 3, -5/30 HPs)
             Began as a Centaur Hunter on Mar 8, 2019.
             Killed from afar by Sigmund (7 damage)
             ... with a puff of flame
             ... on level 2 of the Dungeon.
             The game lasted 00:06:46 (1205 turns).

zedzed the Shooter (Centaur Hunter)                 Turns: 1205, Time: 00:06:47

Health: -5/30      AC:  7    Str: 15    XL:     3   Next: 44%
Magic:  3/3        EV:  9    Int: 10    God:
Gold:   128        SH:  0    Dex:  9    Spells: 2/2 levels left

rFire    . . .     SeeInvis .   a - +1 shortbow
rCold    . . .     Gourm    .   (shield currently unavailable)
rNeg     . . .     Faith    .   c - +0 leather armour
rPois    .         Spirit   .   p - +2 helmet
rElec    .         Reflect  .   (no cloak)
rCorr    .         Harm     .   (no gloves)
MR       +....                  (no barding)
Stlth    +.........             (no amulet)
HPRegen  0.10/turn              q - ring of protection from magic
MPRegen  0.08/turn              (no ring)

@: very quick
A: large, hooves 3, deformed body, speed 2, tough skin 3
a: no special abilities


You were on level 2 of the Dungeon.
You were not hungry.

You visited 1 branch of the dungeon, and saw 2 of its levels.

You collected 128 gold pieces.

Inventory:

Hand Weapons
 a - a +1 shortbow (weapon)
 b - a +0 short sword
 h - a +0 hunting sling
Missiles
 d - 2 arrows (quivered)
 i - 50 stones
 k - 8 tomahawks
 o - 17 poisoned needles
 r - 27 sling bullets
Armour
 c - a +0 leather armour (worn)
 p - a +2 helmet (worn)
Jewellery
 q - a ring of protection from magic (left hand)
Scrolls
 g - a scroll of enchant weapon {unknown}
 l - 3 scrolls of teleportation {unknown}
 m - 3 scrolls of identify {unknown}
 n - a scroll of magic mapping {unknown}
Potions
 e - 2 potions of curing {unknown}
 j - a potion of lignification {unknown}
 s - a potion of resistance {unknown}
Comestibles
 f - 3 rations


   Skills:
 + Level 2.7 Fighting
 * Level 6.5 Bows
 - Level 1.3 Dodging
 - Level 0.4 Stealth


You had 2 spell levels left.
You didn't know any spells.
Your spell library was empty.

Dungeon Overview and Level Annotations

Branches:
Dungeon (2/15)

Altars:

Annotations:
D:2 Sigmund


Innate Abilities, Weirdness & Mutations

You have hooves in place of feet.
Armour fits poorly on your strangely shaped body.
You cover ground very quickly.
You have extremely tough skin. (AC +3)


Message History

Firing (i - inventory. (/) - cycle)
d - 4 arrows (quivered)
Press: ? - help, Shift-Dir - straight line, f/p - dart slug
Aim: a dart slug (heavily wounded)
You shoot an arrow. The arrow hits the dart slug.
The dart slug is severely wounded.
Firing (i - inventory. (/) - cycle)
d - 3 arrows (quivered)
Press: ? - help, Shift-Dir - straight line, f/p - dart slug
Aim: a dart slug (severely wounded)
You shoot an arrow. The arrow hits the dart slug!
You kill the dart slug!
Sigmund casts a spell.
Sigmund flickers and vanishes!
You see here a +0 short sword.
You see here a frilled lizard skeleton.
You start resting.
Something hits you!
* * * LOW HITPOINT WARNING * * *
A puff of flame appears from out of thin air!
The puff of flame hits you!
You die...

#......####.##....###.......
#.####......................
#.##......#.##....###.......
#.......>....+.........†....
####÷.....#.##......#.#.....
#......#.##......#.###...
#......#+#.........# #.(.
####[......####....# #..(
#....@...<......# ###(
####........#.#.###...
##......##.#+#.....
###.................
#.......###.......#.
............+.......#.
###.......###.........
.........##..........
....##....##....####..


There were no monsters in sight!

Vanquished Creatures
  An ooze (D:2)
  A worm (D:2)
  A dart slug (D:2)
  A giant cockroach (D:1)
  7 goblins
  5 hobgoblins (D:1)
  2 jackals (D:1)
  A quokka (D:2)
  A ball python (D:1)
  4 bats
  3 frilled lizards
  5 kobolds
  4 rats
36 creatures vanquished.

Notes
Turn   | Place    | Note
-------+----------+-------------------------------------------
     0 | D:1      | zedzed the Centaur Hunter began the quest for the Orb.
     0 | D:1      | Reached XP level 1. HP: 17/17 MP: 1/1
   202 | D:1      | Reached XP level 2. HP: 24/24 MP: 2/2
   509 | D:1      | Reached skill level 6 in Bows
   965 | D:2      | Reached XP level 3. HP: 30/30 MP: 3/3
  1074 | D:2      | Noticed Sigmund
  1195 | D:2      | HP: 1/30 [something (9)]
  1205 | D:2      | Killed from afar by Sigmund

Skill      XL: |  1  2 |
---------------+-------+-----
Bows           | 6 |  6.5
Fighting       | |  2.7
Dodging        | |  1.3
Stealth        | |  0.4

Action                   || total
-------------------------++-------
 Fire: Shortbow          ||   115
Armor: Leather armour    ||    13
Dodge: Dodged            ||    13
